 Dungeon Crawl Stone Soup version 0.25-a0-804-g50c693f418 (webtiles) character file.

Game seed: 16431475456050228713, levelgen mode: deterministic

10230 Flugkiller the Zephyrmancer (level 11, -6/79 HPs)
             Began as a Mummy Air Elementalist on Apr 19, 2020.
             Was a High Priest of Uskayaw.
             Mangled by a hippogriff (8 damage)
             ... on level 10 of the Dungeon.
             The game lasted 00:42:26 (14947 turns).

Flugkiller the Zephyrmancer (MuAE)                 Turns: 14947, Time: 00:42:27

Health: -6/79      AC:  4    Str: 11    XL:     11   Next: 33%
Magic:  1/29       EV: 14    Int: 19    God:    Uskayaw [*****.]
Gold:   298        SH:  0    Dex: 12    Spells: 9/22 levels left

rFire    x . .     SeeInvis .   d - +9 falchion of Moral Flaws {vorpal, rN+}
rCold    + . .     Gourm    .   (no shield)
rNeg     + + +     Faith    .   a - +0 robe
rPois    ∞         Spirit   .   (no helmet)
rElec    .         Reflect  .   (no cloak)
rCorr    .         Harm     .   (no gloves)
MR       +....                  r - +1 pair of boots
Stlth    ++........             (no amulet)
HPRegen  0.23/turn              k - ring of magical power
MPRegen  0.21/turn              (no ring)

@: no status effects
A: no food or potions, fire vulnerability, cold resistance 1, negative energy
resistance 3, torment resistance, unbreathing
a: Stomp, Line Pass, Grand Finale, Renounce Religion


You were on level 10 of the Dungeon.
You worshipped Uskayaw.
Uskayaw was noncommittal.
You were not hungry.

You visited 2 branches of the dungeon, and saw 11 of its levels.

You collected 462 gold pieces.
You spent 164 gold pieces at shops.

Inventory:

Hand Weapons
 d - the +9 falchion of Moral Flaws (weapon) {vorpal, rN+}
   (You found it on level 8 of the Dungeon)

   It inflicts extra damage upon your enemies.
   It protects you from negative energy.
 n - a +0 spear of venom
   (You bought it in a shop on level 5 of the Dungeon)
 w - a +1 whip of electrocution
   (You took it off a gnoll shaman on level 9 of the Dungeon)
Missiles
 f - 3 throwing nets
 m - 6 javelins (quivered)
Armour
 a - a +0 robe (worn)
 r - a +1 pair of boots (worn)
   (You found it on level 6 of the Dungeon)
 u - a +0 buckler
   (You found it on level 7 of the Dungeon)
Jewellery
 k - a ring of magical power (left hand)
   (You found it on level 4 of the Dungeon)
 s - an uncursed ring of positive energy {unknown}
   (You found it on level 10 of the Dungeon)
 v - a +2 ring of protection
   (You took it off a gnoll shaman on level 9 of the Dungeon)
Wands
 l - a wand of random effects (3)
   (You bought it in a shop on level 4 of the Dungeon)
 o - a wand of acid (3)
   (You found it on level 5 of the Dungeon)
 q - a wand of iceblast (4)
   (You found it on level 6 of the Dungeon)
 x - a wand of paralysis (5)
   (You took it off a gnoll on level 9 of the Dungeon)
Scrolls
 b - 3 scrolls of identify
 c - 8 scrolls of magic mapping
 e - 3 scrolls of remove curse
 g - 6 scrolls of teleportation
 h - a scroll of blinking
 i - 4 scrolls of enchant weapon
 j - 3 scrolls of amnesia
 p - a scroll of summoning
 t - a scroll of fear
 y - a scroll of brand weapon {unknown}


   Skills:
 - Level 5.0 Fighting
 - Level 5.0 Dodging
 - Level 1.5 Stealth
 + Level 6.4 Spellcasting
 - Level 6.1 Conjurations
 + Level 10.1 Air Magic
 - Level 6.0 Invocations
 - Level 2.0 Evocations


You had 9 spell levels left.
You knew the following spells:

 Your Spells              Type           Power        Failure   Level  Hunger
a - Shock                 Conj/Air       ####         1%          1    N/A
b - Swiftness             Chrm/Air       ####....     1%          2    N/A
c - Static Discharge      Conj/Air       #####...     1%          3    N/A
d - Airstrike             Air            #####.....   1%          4    N/A
e - Mephitic Cloud        Conj/Pois/Air  ####....     3%          3    N/A

Your spell library contained the following spells:

 Spells                   Type           Power        Failure   Level  Hunger
 Magic Dart               Conj           ####         1%          1    N/A
 Conjure Flame            Conj/Fire      ###.....     9%          3    N/A
 Dazzling Flash           Conj/Hex       ###...       9%          3    N/A
 Animate Skeleton         Necr           N/A          11%         1    N/A
 Apportation              Tloc           #.....       11%         1    N/A
 Corona                   Hex            #......      11%         1    N/A
 Summon Butterflies       Summ           #.......     11%         1    N/A
 Summon Small Mammal      Summ           #...         11%         1    N/A
 Lightning Bolt           Conj/Air       #####.....   11%         5    N/A
 Blink                    Tloc           N/A          16%         2    N/A
 Call Imp                 Summ           #.......     16%         2    N/A
 Ensorcelled Hibernation  Hex/Ice        #.....       16%         2    N/A
 Slow                     Hex            #.......     16%         2    N/A
 Confusing Touch          Hex            #.......     32%         3    N/A
 Lesser Beckoning         Tloc           #.........   32%         3    N/A
 Tukima's Dance           Hex            #.......     32%         3    N/A
 Alistair's Intoxication  Tmut/Pois      #.......     96%         5    N/A
 Invisibility             Hex            #.......     100%        6    N/A

Dungeon Overview and Level Annotations

Branches:
Dungeon (10/15)            Temple (1/1) D:5
   Lair: D:8-11         Orc: D:9-12

Altars:
Ashenzari
Cheibriados
Dithmenos
Elyvilon
Fedhas
Gozag
Hepliaklqana
Kikubaaqudgha
Makhleb
Nemelex Xobeh
Okawaru
Qazlal
Ru
Sif Muna
Trog
Uskayaw
Vehumet
Wu Jian
Xom
Yredelemnul
Zin
The Shining One

Shops:
D:4 *   D:5 (   D:7 [   D:8 [

Annotations:
D:4 3 runed translucent doors, DrMuscles's ghost, amateur FoFi; SatoMori's ghost, amateur HOMo; coffeespoons's ghost, amateur MiBe
D:5 exclusion: centaur
D:6 1 runed translucent door, DOPEyDwarf's ghost, novice TrBe


Innate Abilities, Weirdness & Mutations

You do not eat or drink.
Your flesh is vulnerable to fire.
You are immune to poison.
Your flesh is cold resistant. (rC+)
You are immune to negative energy. (rN+++)
You are immune to unholy pain and torment.
You can survive without breathing.


Message History

Confirm with . or Enter, or press ? or * to list all spells.
Aiming: Shock (safe; 1% risk of failure)
Press: ? - help, Shift-Dir - straight line, f/p - hippogriff
Aim: a hippogriff (moderately wounded)
The zap hits the hippogriff!
The hippogriff is heavily wounded.
You slash the hippogriff!
The hippogriff is heavily wounded.
The hippogriff bites you. The hippogriff pecks you! The hippogriff claws you!
The hippogriff barely misses you. x2; The hippogriff closely misses you.
Unknown command.
You hit the hippogriff.
The hippogriff is severely wounded.
The hippogriff closely misses you.
You riposte.
You barely miss the hippogriff.
The hippogriff is severely wounded.
The hippogriff pecks you.
The hippogriff claws you but does no damage.
Unknown command.
You hit the hippogriff.
The hippogriff is severely wounded.
The hippogriff barely misses you. The hippogriff misses you.
The hippogriff closely misses you.
Unknown command.
You barely miss the hippogriff.
The hippogriff is severely wounded.
The hippogriff bites you.
* * * LOW HITPOINT WARNING * * *
The hippogriff barely misses you. x2
You don't have enough magic at the moment.
Unknown command.
You hit the hippogriff.
The hippogriff is almost dead.
The hippogriff bites you!
* * * LOW HITPOINT WARNING * * *
The hippogriff barely misses you. The hippogriff claws you.
* * * LOW HITPOINT WARNING * * *
The hippogriff bites you!
* * * LOW HITPOINT WARNING * * *
The hippogriff pecks you.
* * * LOW HITPOINT WARNING * * *
The hippogriff claws you.
* * * LOW HITPOINT WARNING * * *
Evoke which item? (* to show all) (? for menu, Esc to quit)
Aiming: Corrosive Bolt
Press: ? - help, Shift-Dir - straight line, f/p - hippogriff
Aim: a hippogriff (almost dead)
The bolt of acid misses the hippogriff.
The hippogriff bites you!
* * * LOW HITPOINT WARNING * * *
The hippogriff pecks you!
You die...

#######...<.#....#
...##........# #.#
...##..÷.....# #.######
...##........# #.#....#
...##......#####.#.##.#
.))##..#.#....##.#.##.#
)÷..........#.##.#.##.#
##.)###.#.......†.....#
##### #.....#.##@#.#########
..≈.#####.#...##H#..........
..≈....†..######.###########
#.≈..#######.....# ##≈#.#
#.....# #≈#Y#### #....)###
#≈#....# #.......# ###....#
#####)#.#
......######.....#######


You could see a hippogriff.

Vanquished Creatures
  2 two-headed ogres
  A manticore (D:9)
  Maggie (D:9)
  A komodo dragon (D:10)
  A troll (D:9)
  Grinder (D:3)
  12 yaks
  A wyvern (D:8)
  A hungry ghost (D:9)
  Grum (D:9)
  6 two-headed ogre zombies (D:9)
  Menkaure (D:4)
  An ice beast (D:9)
  A black bear (D:10)
  A necrophage (D:8)
  5 ogres
  5 orc warriors
  4 phantoms
  4 sky beasts
  3 wolves (D:9)
  3 centaurs
  4 bullfrogs
  5 scorpions
  3 wights (D:7)
  5 howler monkeys
  2 electric eels (D:9)
  3 crimson imps
  A centaur zombie (D:8)
  A bullfrog zombie (D:9)
  A quasit (D:8)
  3 hounds
  2 jellies
  A bullfrog skeleton (D:6)
  7 orc priests
  A gnoll shaman (D:9)
  3 iguanas
  13 orc wizards
  4 worker ants
  A hound zombie (D:8)
  A hound skeleton (D:8)
  3 worker ant zombies
  7 gnolls
  5 adders
  A shadow imp (D:9)
  An ooze (D:2)
  An adder zombie (D:8)
  2 adder skeletons
  4 worms
  3 dart slugs
  4 leopard geckos
  44 orcs
  7 bats
  5 giant cockroaches
  5 goblins
  8 hobgoblins
  7 jackals
  8 kobolds
  4 quokkas
  6 frilled lizards
  A jackal skeleton (D:6)
  A quokka skeleton (D:8)
  8 rats
252 creatures vanquished.

Notes
Turn   | Place    | Note
-------+----------+-------------------------------------------
     0 | D:1      | Flugkiller the Mummy Air Elementalist began the quest for
                  | the Orb.
     0 | D:1      | Reached XP level 1. HP: 13/13 MP: 4/4
   258 | D:1      | Reached skill level 3 in Air Magic
   258 | D:1      | Reached XP level 2. HP: 19/19 MP: 3/5
   339 | D:1      | Learned a level 2 spell: Swiftness
  1190 | D:2      | Reached XP level 3. HP: 10/24 MP: 0/7
  1776 | D:2      | Learned a level 3 spell: Static Discharge
  1963 | D:2      | Reached skill level 1 in Conjurations
  2363 | D:2      | Reached XP level 4. HP: 30/30 MP: 1/8
  2772 | D:3      | Found a faded altar of an unknown god.
  2777 | D:3      | Reached skill level 4 in Air Magic
  3065 | D:3      | Reached XP level 5. HP: 35/35 MP: 5/9
  3210 | D:3      | Noticed Grinder
  3210 | D:3      | Paralysed by Grinder for 6 turns
  3216 | D:3      | nice.
  3254 | D:3      | Found a basalt altar of Yredelemnul.
  3293 | D:3      | Found an ornate altar of the Wu Jian Council.
  3444 | D:4      | Noticed Menkaure
  3472 | D:4      | Killed Menkaure
  3472 | D:4      | Reached XP level 6. HP: 41/41 MP: 4/10
  3524 | D:4      | Learned a level 4 spell: Airstrike
  3557 | D:4      | ayy
  3708 | D:4      | Found Ziror's Assorted Antiques.
  3715 | D:4      | Bought an encrusted wooden wand for 92 gold pieces
  3715 | D:4      | thanks...
  4075 | D:4      | Found a runed translucent gate.
  4075 | D:4      | Found a runed translucent gate.
  4075 | D:4      | Found a runed translucent gate.
  4098 | D:4      | Noticed coffeespoons's ghost (amateur MiBe)
  4099 | D:4      | Noticed DrMuscles's ghost (amateur FoFi)
  4099 | D:4      | Noticed SatoMori's ghost (amateur HOMo)
  4129 | D:5      | Entered Level 5 of the Dungeon
  4137 | D:5      | no thank you!
  4172 | D:5      | Found a staircase to the Ecumenical Temple.
  4269 | D:4      | Reached skill level 5 in Air Magic
  4453 | D:5      | Found Emihaczo's Weapon Boutique.
  4462 | D:5      | Bought a +0 spear of venom for 72 gold pieces
  4533 | Temple   | Entered the Ecumenical Temple
  4895 | D:5      | Reached XP level 7. HP: 41/46 MP: 13/13
  5202 | D:5      | Found an opulent altar of Gozag.
  5402 | D:6      | Reached skill level 6 in Air Magic
  5478 | D:6      | HP: 1/46 [bullfrog (7)]
  6214 | D:5      | Reached skill level 7 in Air Magic
  6442 | D:6      | Reached XP level 8. HP: 52/52 MP: 12/14
  6648 | D:6      | Found a runed translucent door.
  6649 | D:6      | Found a shimmering altar of Xom.
  6649 | D:6      | Noticed DOPEyDwarf's ghost (novice TrBe)
  6649 | D:6      | Noticed a +2 long sword of chaos
  6960 | D:7      | Found a bloodstained altar of Trog.
  6960 | D:7      | Found a sparkling altar of Nemelex Xobeh.
  7061 | D:7      | Reached skill level 1 in Fighting
  7615 | D:7      | Learned a level 3 spell: Mephitic Cloud
  7919 | D:7      | Found Okysox's Armour Emporium.
  8675 | D:7      | Reached XP level 9. HP: 65/65 MP: 15/15
  9112 | D:3      | Found a blossoming altar of Fedhas.
  9151 | D:3      | Killed Grinder
  9151 | D:3      | Reached skill level 5 in Conjurations
  9459 | D:8      | Reached skill level 5 in Spellcasting
  9621 | D:8      | Got a jewelled falchion
  9634 | D:8      | Reached skill level 8 in Air Magic
 10412 | D:8      | Reached skill level 9 in Air Magic
 10611 | D:8      | Found Dautue's Antique Armour Boutique.
 10657 | D:8      | Noticed a +0 hand axe
 10657 | D:8      | Noticed a +0 hand axe
 10662 | D:8      | Found a hide-covered altar of Uskayaw.
 10668 | D:8      | Became a worshipper of Uskayaw the Reveler
 10678 | D:9      | Reached * piety under Uskayaw
 10709 | D:9      | Noticed Maggie
 10739 | D:9      | Noticed a troll
 10741 | D:9      | Reached ** piety under Uskayaw
 10744 | D:9      | Killed a troll
 10744 | D:9      | Reached skill level 1 in Invocations
 10744 | D:9      | Reached XP level 10. HP: 71/71 MP: 8/19
 10744 | D:9      | Reached *** piety under Uskayaw
 11293 | D:9      | Noticed Grum
 11366 | D:9      | Killed Grum
 11942 | D:9      | Reached skill level 10 in Air Magic
 12006 | D:8      | Identified the +9 falchion of Moral Flaws {vorpal, rN+}
                  | (You found it on level 8 of the Dungeon)
 12007 | D:8      | lol
 12567 | D:9      | Killed Maggie
 12753 | D:9      | Noticed a two-headed ogre
 12894 | D:9      | Killed a two-headed ogre
 12894 | D:9      | Reached skill level 5 in Dodging
 13091 | D:9      | Noticed a manticore
 13095 | D:9      | Killed a manticore
 13095 | D:9      | Reached skill level 1 in Evocations
 13308 | D:9      | Reached XP level 11. HP: 77/77 MP: 0/20
 14400 | D:10     | Entered Level 10 of the Dungeon
 14428 | D:10     | Noticed a two-headed ogre
 14429 | D:10     | Reached skill level 5 in Invocations
 14433 | D:10     | Killed a two-headed ogre
 14433 | D:10     | Reached **** piety under Uskayaw
 14680 | D:10     | Reached skill level 5 in Fighting
 14680 | D:10     | Reached ***** piety under Uskayaw
 14947 | D:10     | HP: 2/79 [hippogriff (7)]
 14947 | D:10     | Mangled by a hippogriff

Levels and vault maps discovered:
D:1:      wheals_arrival_shading, layout_basic
D:2:      layout_loops_corners, first_ration, roderic_lattice_a,
          kennysheep_generic_room_15
D:3:      layout_rooms, fedhas_altar_4, yredelemnul_altar_generic,
          old_standard_altar, chequers_ecumenical_altar_simple, uniq_grinder
D:4:      layout_loops_ring, gammafunk_ghost_cemetery, serial_shops, shop,
          uniq_menkaure
D:5:      layout_basic, kennysheep_little_box, minmay_temple_entry_trees,
          serial_shops, kennysheep_mini_moat, minmay_pentangle
D:6:      layout_loops_cross, ebering_ghost_xom, st_stairs_11,
          palyth_stone_intersect
D:7:      layout_basic, gammafunk_temple_overflow_elements, serial_shops, shop,
          grunt_ogre_cave
D:8:      layout_rooms, dancing_weapons_uskayaw, serial_shops,
          nicolae_shop_statue_plus
D:9:      lemuel_ogre_cave, layout_basic, uniq_grum, uniq_maggie
D:10:     layout_basic, david_lair_generic, nrook_campfire,
          chequers_serial_rivers_micro_b
Temple:   regret_index_temple_generic_petals

Skill      XL: |  1  2  3  4  5  6  7  8  9 10 11 |
---------------+----------------------------------+-----
Air Magic      | 3 4 5 7 9 10 | 10.1
Conjurations   | 1 2 3 4 5 6 |  6.1
Spellcasting   | 3 4 6 |  6.4
Fighting       | 4 5 |  5.0
Dodging        | 3 5 |  5.0
Invocations    | 1 4 6 |  6.0
Evocations     | 1 2 |  2.0
Stealth        | |  1.5

Action                   |  1- 3 |  4- 6 |  7- 9 | 10-12 || total
-------------------------+-------+-------+-------+-------++-------
Melee: Unarmed           |     2 |       |       |       ||     2
       Dagger            |     2 |       |       |       ||     2
       Spear             |       |    11 |    15 |    32 ||    58
       Falchion          |       |       |       |    22 ||    22
Throw: Javelin           |       |     1 |       |       ||     1
 Cast: Shock             |    96 |   120 |   171 |   110 ||   497
       Airstrike         |       |       |    87 |   103 ||   190
       Static Discharge  |       |       |     1 |    19 ||    20
       Swiftness         |       |       |     1 |     3 ||     4
       Mephitic Cloud    |       |       |       |     4 ||     4
Evoke: Wand              |       |     1 |     3 |     3 ||     7
  Use: Scroll            |     3 |     6 |     4 |     2 ||    15
 Stab: Paralysed         |       |       |       |     3 ||     3
Armor: Robe              |     8 |     2 |    12 |    10 ||    32
Dodge: Dodged            |    17 |    15 |    39 |    60 ||   131
       Rpst.: Falchion   |       |       |       |     9 ||     9

Table legend:
 A = Non-vault XP
 B = Vault XP
 C = Vault XP percentage of total XP
 D = Non-vault monster count
 E = Vault monster count
 F = Vault count percentage of total count
                 A         B        C        D         E       F
            +---------+---------+-------+---------+---------+-------
      Total |   11874 |    2741 |  18.8 |     232 |      20 |   7.9
            +---------+---------+-------+---------+---------+-------
        D:1 |      39 |       0 |   0.0 |      21 |       0 |   0.0
        D:2 |      83 |       1 |   1.2 |      27 |       1 |   3.6
        D:3 |      96 |     262 |  73.2 |      18 |       1 |   5.3
        D:4 |     211 |     157 |  42.7 |      11 |       1 |   8.3
        D:5 |     363 |      83 |  18.6 |      12 |       3 |  20.0
        D:6 |     550 |     181 |  24.8 |      20 |       2 |   9.1
        D:7 |    1130 |     125 |  10.0 |      22 |       1 |   4.3
        D:8 |    1970 |       0 |   0.0 |      36 |       0 |   0.0
        D:9 |    4531 |    1932 |  29.9 |      39 |      11 |  22.0
       D:10 |    2901 |       0 |   0.0 |      26 |       0 |   0.0
            +---------+---------+-------+---------+---------+-------
